Map: Golden Wall LE

Players

RyuKey - Winner!

  • Race: Terran Terran
  • League: Diamond
  • Spawn Location: 7:00

AffroKrull

  • Race: Terran Terran
  • League: Diamond
  • Spawn Location: 5:00

VOD

Have the link to the VOD?

Description

Time

  • Played on: June 21, 2020, 5:08 p.m.
  • Length: 4:38
Show
View Real Time Build Order
Export as new Build Order

RyuKey Terran - Winner!

Build Orders:  

Get SALT Encoding   

  12  0:00  SCV  
  13  0:13  SCV  
  14  0:18  Supply Depot  
  14  0:25  SCV  
  15  0:40  Barracks, SCV  
  16  0:45  Refinery  
  16  0:52  SCV  
  17  1:04  SCV  
  18  1:16  SCV  
  19  1:28  Orbital Command  
  19  1:29  Reaper  
  20  1:53  Barracks  
  20  1:58  Refinery  
  20  2:01  Reaper  
  20  2:04  Bunker  
  21  2:09  SCV  
  22  2:21  SCV  
  23  2:38  SCV  
  23  2:45  Marine  
  23  2:58  Reaper  
  23  3:07  Supply Depot  
  23  3:09  Factory  
  23  3:14  Command Center  
  23  3:16  SCV  
  23  3:29  Reaper  
  23  3:30  Reaper  
  23  3:36  SCV  
  24  3:43  Supply Depot  
  25  3:48  SCV  
  21  3:57  Hellion  
  21  4:00  SCV  
  21  4:01  Reaper  
  21  4:02  Reaper  
  24  4:12  SCV  
  26  4:24  SCV  
Show
View Real Time Build Order
Export as new Build Order

AffroKrull Terran 

Build Orders:  

Get SALT Encoding   

  12  0:04  SCV  
  13  0:17  SCV  
  13  0:20  Refinery  
  14  0:29  SCV  
  15  0:44  Supply Depot  
  15  1:05  Refinery  
  15  1:09  Barracks  
  16  1:12  Barracks  
  16  1:16  SCV  
  16  1:33  SCV  
  16  1:39  Barracks  
  17  1:48  SCV  
  18  1:56  Reaper  
  18  1:59  Reaper  
  20  2:09  Supply Depot  
  20  2:28  Reaper  
  21  2:31  Reaper  
  21  2:42  Reaper  
  20  3:00  Reaper  
  20  3:03  Reaper  
  20  3:14  Reaper  
  20  3:32  Reaper  
  21  3:37  Reaper  
  20  3:57  Reaper  
Tags
 
Matchup
TvT
Race
Terran
Spawn Locations
Close Positions
Add a new tag
Caveats
  • Supply blocks, unpowered buildings, or Contaminate may cause inaccurate times.
  • Supply counts are checked every 10 seconds.